AoeStats
← hwdelves

Black Forest

510066654Analyzed
2v2 RM · 2d ago on Sep 29, 2026· 51m 50s· 4 players
Game mode
Random Map
Map size
Medium (4 player)
Population
200
Speed
Normal
Resources
Standard
Victory
Conquest
Starting age
Dark Age
Ending age
Imperial Age
RankedLock teamsTeams togetherTeam positionsShared explorationLock speedFull tech treeHidden civsTurbo modeCheats
Victory
Defeat
🇸🇰 Britons · Slovakia
787
+11
🇦🇺 Italians · Australia
704
+15
🇦🇺 Turks · Australia
695
-14
🇦🇺 Lithuanians · Australia
657
-12
fat sandwiches
1:11 Loom
12:42 Feudal Age
19:15 Castle Age
25:34 Wheelbarrow
24:44 Town Watch
26:29 Pikeman
27:10 Squires
26:56 Arson
27:45 Horse Collar
30:13 Double-Bit Axe
34:06 Imperial Age
32:39 Fortified Wall
32:26 Murder Holes
32:53 Ballistics
33:02 Gold Mining
33:23 Fletching
33:28 Stone Mining
33:54 Treadmill Crane
37:30 Chemistry
36:28 Bodkin Arrow
38:11 Conscription
40:53 Bracer
40:57 Padded Archer Armor
41:10 Forging
41:07 Scale Barding Armor
41:02 Scale Mail Armor
42:22 Elite Genoese Crossbowman
44:47 Leather Archer Armor
46:31 Hoardings
46:15 Husbandry
47:19 Silk Road
46:25 Light Cavalry
49:29 Bloodlines
50:47 Capped Ram
Richard
0:27 Loom
10:29 Feudal Age
12:09 Horse Collar
12:17 Double-Bit Axe
17:29 Wheelbarrow
22:02 Castle Age
21:25 Fletching
21:35 Padded Archer Armor
21:45 Forging
21:29 Stone Mining
21:31 Gold Mining
24:00 Gold Shaft Mining
23:55 Caravan
25:24 Town Watch
28:57 Fortified Wall
31:50 Heavy Plow
33:41 Bow Saw
35:32 Yeomen
37:45 Imperial Age
35:32 Hand Cart
35:58 Town Patrol
36:22 Ballistics
36:13 Masonry
35:44 Treadmill Crane
36:22 Leather Archer Armor
37:14 Bodkin Arrow
37:54 Iron Casting
37:21 Scale Mail Armor
37:26 Scale Barding Armor
37:19 Murder Holes
37:15 Guard Tower
37:16 Man-at-Arms
37:41 Gambesons
37:56 Squires
37:17 Pikeman
37:42 Arson
38:13 Heated Shot
39:57 Chemistry
38:42 Arrowslits
39:28 Architecture
40:40 Two-Man Saw
39:42 Bracer
40:43 Blast Furnace
40:35 Conscription
39:47 Sappers
41:34 Hoardings
41:03 Halberdier
41:04 Long Swordsman
41:25 Elite Longbowman
42:47 Two-Handed Swordsman
43:41 Warwolf
43:24 Champion
44:36 Ring Archer Armor
44:21 Chain Mail Armor
44:27 Chain Barding Armor
44:24 Siege Engineers
47:49 Plate Mail Armor
47:55 Plate Barding Armor
47:57 Keep
47:28 Siphons
47:43 Shipwright
47:33 Clinker Construction
47:34 Careening
will
12:31 Feudal Age
13:00 Double-Bit Axe
13:35 Horse Collar
18:03 Gold Mining
25:37 Castle Age
24:22 Bloodlines
29:03 Heavy Plow
30:08 Bow Saw
30:34 Stone Mining
33:36 Scale Barding Armor
33:43 Forging
36:49 Wheelbarrow
36:00 Town Watch
36:16 Murder Holes
36:38 Masonry
37:04 Chain Barding Armor
38:33 Hand Cart
38:19 Town Patrol
40:36 Light Cavalry
45:34 Imperial Age
46:47 Cavalier
49:12 Caravan
49:12 Paladin
49:56 Husbandry
hwdelves
6:06 Loom
10:54 Feudal Age
12:12 Wheelbarrow
11:31 Double-Bit Axe
20:31 Castle Age
19:24 Gold Mining
22:11 Scale Barding Armor
22:17 Forging
23:24 Bow Saw
24:57 Horse Collar
26:55 Chain Barding Armor
27:58 Bloodlines
28:54 Husbandry
30:48 Hand Cart
32:43 Heavy Plow
34:57 Iron Casting
37:37 Imperial Age
38:18 Gold Shaft Mining
37:33 Stone Mining
38:01 Elite Janissary
39:02 Conscription
38:21 Cavalier
39:41 Plate Barding Armor
40:06 Blast Furnace
Connection lost

Rejoining the realm…

Still unreachable

The connection could not be restored.

Session expired

The server has moved on; the page needs a fresh start.